 Dungeon Sprint DCSS version 0.23-a0-182-g58cdd98 (webtiles) character file.

396 Kidiri the Fighter (level 6, -4/60 (62) HPs)
             Began as a Minotaur Fighter on Sept 20, 2018.
             Was a Follower of Okawaru.
             Killed from afar by a deep elf mage (25 damage)
             ... with a stone arrow
             ... in the Dungeon (Sprint VII: "The Pits").
             The game lasted 00:03:14 (549 turns).

Kidiri the Fighter (Minotaur Fighter)                Turns: 549, Time: 00:03:14

HP:   -4/60 (62)    AC: 15    Str: 21    XL:     6   Next: 52%
MP:   6/8           EV:  7    Int:  5    God:    Okawaru [*.....]
Gold: 0             SH: 11    Dex: 11    Spells: 5/5 levels left

rFire    . . .     SeeInvis .   a - +0 long sword (holy)
rCold    . . .     Gourm    .   c - +0 shield
rNeg     . . .     Faith    .   b - +2 plate armour
rPois    .         Spirit   .   (helmet restricted)
rElec    .         Reflect  .   (no cloak)
rCorr    .         Harm     .   (no gloves)
MR       .....     NoTele   +   (no boots)
Stlth    ..........             (no amulet)
HPRegen  0.00/turn              (no ring)
MPRegen  0.11/turn              (no ring)

@: non-regenerating, diseased
A: retaliatory headbutt, horns 2
a: Heroism, Renounce Religion


You were in the Dungeon.
You worshipped Okawaru.
Okawaru was aware of your devotion.
You were not hungry.

You visited 1 branch

Inventory:

Hand Weapons
 a - a +0 long sword of holy wrath (weapon)
Missiles
 p - 7 stones (quivered)
Armour
 b - a +2 plate armour (worn)
 c - a +0 shield (worn)
Scrolls
 k - a scroll of blinking
 m - 3 scrolls of remove curse
 n - 5 scrolls of amnesia
 o - a scroll of summoning
Potions
 d - a potion of might
 e - 6 potions of curing
 g - 6 potions of heal wounds
 h - a potion of haste
 i - 4 potions of magic
 j - 3 potions of berserk rage
 l - 2 potions of invisibility
Comestibles
 f - 9 rations


   Skills:
 * Level 8.4 Fighting
 * Level 7.9 Long Blades
 * Level 8.4 Armour
 + Level 4.6 Dodging
 * Level 8.4 Shields
 + Level 4.1 Invocations


You had 5 spell levels left.
You didn't know any spells.
Your spell library was empty.

Dungeon Overview and Level Annotations

Branches:
Dungeon (1/1)

Altars:
Ashenzari
Cheibriados
Dithmenos
Elyvilon
Fedhas
Gozag
Hepliaklqana
Kikubaaqudgha
Makhleb
Nemelex Xobeh
Okawaru
Qazlal
Ru
Sif Muna
Trog
Uskayaw
Vehumet
Wu Jian
Xom
Yredelemnul
Zin
The Shining One
Beogh
Jiyva
Lugonu

Annotations:
D exclusion: 6 doors


Innate Abilities, Weirdness & Mutations

You reflexively headbutt those who attack you in melee.
You have a pair of horns on your head.


Message History

The deep elf mage is heavily wounded.
The deep elf mage gestures wildly while chanting.
You hit the deep elf mage.
The deep elf mage is heavily wounded.
The deep elf mage closely misses you.
You barely miss the deep elf mage.
The deep elf mage is heavily wounded.
The deep elf mage hits you but does no damage.
You hit the deep elf mage. Your headbutt misses the deep elf mage.
The deep elf mage is heavily wounded.
The deep elf mage points at you and mumbles some strange words.
The bolt of magma hits you!
You hit the deep elf mage. Your headbutt misses the deep elf mage.
The deep elf mage is severely wounded.
The deep elf mage hits you with a rapier.
You closely miss the deep elf mage.
The deep elf mage is severely wounded.
The deep elf mage points at you and mumbles some strange words.
The stone arrow hits you!
You die...

#.......)...'.....
#'#####+#####.....
#.#..#..#..##.....
#.#.)+..+..#####+#
#.##+####+###.....
#.#........##.....
#.#........##.....
#(#####+#####...<.
#@#...)))[.##.....
#e#...)))[.##.....
#E###########.....
#.......# ######
#(.###..# #(...
##.### .. .##


You could see an earth elemental and a deep elf mage.

Vanquished Creatures
  A floating eye (D)
  A necrophage (D)
  A big kobold (D)
  A bullfrog (D)
  An iron imp (D)
  A gnoll (D)
  A river rat (D)
  An ufetubus (D)
  An ooze (D)
  A leopard gecko (D)
  An orc (D)
  A quokka (D)
  2 bats (D)
  A goblin (D)
15 creatures vanquished.

Notes
Turn   | Place    | Note
-------+----------+-------------------------------------------
     0 | D        | Kidiri the Minotaur Fighter began the quest for the Orb.
     0 | D        | Reached XP level 1. HP: 19/19 MP: 0/0
    63 | D        | Found a bloodstained altar of Trog.
    63 | D        | Found a deep blue altar of Sif Muna.
    63 | D        | Found a viscous altar of Jiyva.
    63 | D        | Found a hazy altar of Hepliaklqana.
    63 | D        | Found an opulent altar of Gozag.
    64 | D        | Found a glowing golden altar of the Shining One.
    64 | D        | Found a glowing silver altar of Zin.
    64 | D        | Found a basalt altar of Yredelemnul.
    64 | D        | Found a shimmering altar of Xom.
    64 | D        | Found an ornate altar of the Wu Jian Council.
    64 | D        | Found a sacrificial altar of Ru.
    64 | D        | Found a stormy altar of Qazlal.
    64 | D        | Found an iron altar of Okawaru.
    64 | D        | Found a sparkling altar of Nemelex Xobeh.
    64 | D        | Found a burning altar of Makhleb.
    64 | D        | Found a blossoming altar of Fedhas.
    64 | D        | Found a white marble altar of Elyvilon.
    64 | D        | Found a shadowy altar of Dithmenos.
    64 | D        | Found a snail-covered altar of Cheibriados.
    66 | D        | Found a radiant altar of Vehumet.
    66 | D        | Found a corrupted altar of Lugonu.
    66 | D        | Found a roughly hewn altar of Beogh.
    67 | D        | Found a hide-covered altar of Uskayaw.
    67 | D        | Found an ancient bone altar of Kikubaaqudgha.
    67 | D        | Found a shattered altar of Ashenzari.
    72 | D        | Became a worshipper of Warmaster Okawaru
    98 | D        | Reached skill level 1 in Dodging
    98 | D        | Reached XP level 2. HP: 26/27 MP: 1/1
   160 | D        | Reached skill level 1 in Invocations
   265 | D        | Reached skill level 5 in Fighting
   265 | D        | Reached XP level 3. HP: 26/36 MP: 1/3
   269 | D        | Reached skill level 5 in Armour
   269 | D        | Reached skill level 5 in Shields
   495 | D        | Noticed a floating eye
   501 | D        | Paralysed by a floating eye for 3 turns
   504 | D        | Reached XP level 4. HP: 42/42 MP: 4/4
   506 | D        | Killed a floating eye
   506 | D        | Reached * piety under Okawaru
   506 | D        | Reached XP level 5. HP: 51/51 MP: 4/6
   509 | D        | Noticed a necrophage
   510 | D        | Noticed a deep elf mage
   528 | D        | Killed a necrophage
   528 | D        | Reached XP level 6. HP: 52/59 MP: 4/7
   549 | D        | Killed from afar by a deep elf mage

Vault maps used:
D:        pitsprint

Skill      XL: |  1  2  3  4  5  6 |
---------------+-------------------+-----
Fighting       | 4 5 6 8 |  8.4
Long Blades    | 3 4 6 7 |  7.9
Armour         | 4 5 6 8 |  8.4
Shields        | 4 5 6 8 |  8.4
Dodging        | 1 2 3 4 |  4.6
Invocations    | 1 2 3 4 |  4.1

Action                   |  1- 3 |  4- 6 || total
-------------------------+-------+-------++-------
Melee: Falchion          |    28 |       ||    28
       Headbutt          |     7 |     5 ||    12
       Long sword        |     8 |    28 ||    36
Throw: Stone             |       |     6 ||     6
Invok: Heroism           |       |     1 ||     1
Armor: Scale mail        |     7 |       ||     7
       Plate armour      |     5 |     6 ||    11
Dodge: Dodged            |     8 |     5 ||    13
Block: Shield            |    17 |    10 ||    27
       Rpst.: Falchion   |     3 |       ||     3
       Long sword        |       |     2 ||     2

Table legend:
 A = Non-vault XP
 B = Vault XP
 C = Vault XP percentage of total XP
 D = Non-vault monster count
 E = Vault monster count
 F = Vault count percentage of total count
                 A         B        C        D         E       F
            +---------+---------+-------+---------+---------+-------
      Total |       0 |     567 | 100.0 |       0 |      15 | 100.0
            +---------+---------+-------+---------+---------+-------
          D |       0 |     567 | 100.0 |       0 |      15 | 100.0
            +---------+---------+-------+---------+---------+-------
